 Dungeon Crawl Stone Soup version 0.20-a0-1122-gb7cbeb9 (webtiles) character file.

164 Deathtrap2010 the Slasher (level 5, -1/36 HPs)
             Began as a Demonspawn Chaos Knight on May 11, 2017.
             Slain by a worker ant (4 damage)
             ... on level 4 of the Dungeon on May 12, 2017.
             The game lasted 00:12:15 (2472 turns).

Deathtrap2010 the Slasher (Demonspawn Chaos Knight) Turns: 2472, Time: 00:12:16

Health: -1/36      AC:  9    Str:  9    XL:     5   Next: 21%
Magic:  5/5        EV:  6    Int: 17    God:    Xom [..*...]
Gold:   142        SH: 10    Dex: 24    Spells: 4/4 levels left

rFire    x . .     SeeInvis .   a - +1 falchion (chaos)
rCold    . . .     Gourm    .   f - +2 shield of Baldness {rF- Int+4 Dex+4}
rNeg     . . .     Faith    .   l - +1 scale mail of Amorality {Dex+7}
rPois    .         Spirit   .   (no helmet)
rElec    .         Reflect  .   e - +0 cloak (curse)
rCorr    .         Harm     .   h - +0 pair of gloves
MR       +....                  (no boots)
Stlth    +.........             (no amulet)
Regen    0.2/turn               (no ring)
MPRegen  0.1/turn               (no ring)

@: slowed, very slow
A: frail 1, magic resistance 1, powered by death 2, powered by pain 1, weak 2
a: Renounce Religion


You were on level 4 of the Dungeon.
You worshipped Xom.
You were a toy of Xom.
You were not hungry.

You visited 1 branch of the dungeon, and saw 4 of its levels.

You collected 142 gold pieces.

Inventory:

Hand Weapons
 a - a +1 falchion of chaos (weapon)
Armour
 e - a cursed +0 cloak (worn)
 f - the +2 shield of Baldness (worn) {rF- Int+4 Dex+4}
   (Xom gifted it to you on level 3 of the Dungeon)

   It affects your intelligence (+4).
   It affects your dexterity (+4).
   It makes you vulnerable to fire.
 h - a +0 pair of gloves (worn)
 l - the +1 scale mail of Amorality (worn) {Dex+7}
   (Xom gifted it to you on level 3 of the Dungeon)

   It affects your dexterity (+7).
Wands
 i - a wand of random effects (27/48)
Scrolls
 d - a scroll of identify
Potions
 j - a potion of curing
Comestibles
 c - a bread ration
 g - a meat ration
 k - 3 fruits


   Skills:
 * Level 3.6 Fighting
 * Level 4.2 Long Blades
 * Level 2.5 Armour
 * Level 1.8 Dodging
 * Level 0.5 Shields


You had 4 spell levels left.
You didn't know any spells.

Dungeon Overview and Level Annotations

Branches:
Dungeon (4/15)             Temple (0/1) D:4

Altars:
Fedhas
Okawaru
Qazlal
Uskayaw
Wu Jian
Xom
Yredelemnul

Annotations:
D:4 Trogdor666's ghost, amateur OpAs


Innate Abilities, Weirdness & Mutations

You regenerate health from kills.
You sometimes gain a little power by taking damage.
You are frail. (-10% HP)
You are resistant to hostile enchantments. (MR+)
You are very weak. (Str -4)


Message History

An orc comes into view. It is wielding a club.
The orc shouts!
You block the leopard gecko's attack.
Trogdor666's ghost hits you but does no damage.
A worker ant comes into view.
The worker ant twitches its antennae in your direction.
You block the leopard gecko's attack. You block the giant cockroach's attack.
The leopard gecko barely misses you.
You riposte.
You barely miss the leopard gecko.
Trogdor666's ghost keens inconsolably.
Trogdor666's ghost hits you.
* * * LOW HITPOINT WARNING * * *
Found 16 arrows and a fruit.
Okay, then.
Trogdor666's ghost whispers, "You will understand me better in a moment."
The giant cockroach bites you but does no damage.
The leopard gecko bites you but does no damage.
The worker ant bites you.
You die... "It was about time."

.. ##### .............
...#...# .#...........
#..#.>.### .........%..
...#...#..###........(..
## #.#.#)...............
...#...#................
...#.>l#.......l?.......
...#...#.(.....slo......
...#####.###...W@..^....
.(...............a......
......................##
.........##.#.........#
.._.........#..........#
.........############≈.#
.........# ..#
.....#.##### ##
...........#


You could see a worker ant, Trogdor666's ghost, an orc, a leopard gecko, a giant
cockroach, a frilled lizard and a friendly giant spiked club.

Vanquished Creatures
  2 orc priests (D:4)
  An adder (D:2)
  2 worms
  2 dart slugs
  2 orcs (D:4)
  5 bats
  A giant cockroach (D:1)
  8 goblins
  5 hobgoblins
  A quokka (D:2)
  A ball python (D:1)
  2 frilled lizards
  5 kobolds
  10 rats
47 creatures vanquished.

Vanquished Creatures (collateral kills)
  An ogre (D:4)
  A worm (D:4)
  A leopard gecko (D:4)
3 creatures vanquished.

Grand Total: 50 creatures vanquished

Notes
Turn   | Place    | Note
-------+----------+-------------------------------------------
     0 | D:1      | Deathtrap2010 the Demonspawn Chaos Knight began the quest for the Orb.
     0 | D:1      | Reached XP level 1. HP: 18/18 MP: 1/1
    90 | D:1      | Reached skill level 1 in Dodging
    91 | D:1      | XOM: harmless Summ miscast
   117 | D:1      | XOM: harmless Tloc miscast
   118 | D:1      | Gained mutation: You sometimes gain a little power by taking damage. [demonic ancestry]
   118 | D:1      | Reached XP level 2. HP: 21/24 MP: 2/2
   178 | D:1      | XOM: harmless Hex miscast
   423 | D:1      | Reached skill level 3 in Long Blades
   870 | D:2      | XOM: silly message
   897 | D:2      | XOM: scenery: create altars
   958 | D:2      | Found a blossoming altar of Fedhas.
   968 | D:2      | XOM: fog
   973 | D:2      | Gained mutation: You regenerate a little health from kills. [demonic ancestry]
   973 | D:2      | Reached XP level 3. HP: 22/29 MP: 3/3
  1049 | D:2      | XOM: fog
  1248 | D:2      | Gained mutation: You are weak. (Str -2) [potion of mutation]
  1248 | D:2      | Gained mutation: You are resistant to hostile enchantments. (MR+) [potion of mutation]
  1471 | D:2      | XOM: medium Air miscast
  1543 | D:3      | Found an iron altar of Okawaru.
  1641 | D:3      | Found a stormy altar of Qazlal.
  1810 | D:3      | XOM: god gift: shimmering shield {god gift}
  1811 | D:3      | Got a shimmering shield {god gift}
  1817 | D:3      | Identified the +2 shield of Baldness {rF- Int+4 Dex+4} (Xom gifted it to you on level 3 of the Dungeon)
  1867 | D:3      | Found an ornate altar of the Wu Jian Council.
  1997 | D:3      | Found a hide-covered altar of Uskayaw.
  2082 | D:3      | XOM: give mutations
  2082 | D:3      | Gained mutation: You are very weak. (Str -4) [Xom's mischief]
  2082 | D:3      | Gained mutation: You are frail. (-10% HP) [Xom's mischief]
  2275 | D:3      | XOM: god gift: smoking scale mail {god gift}
  2276 | D:3      | Got a smoking scale mail {god gift}
  2287 | D:3      | Identified the +1 scale mail of Amorality {Dex+7} (Xom gifted it to you on level 3 of the Dungeon)
  2408 | D:4      | Noticed an ogre
  2411 | D:4      | Killed an ogre
  2411 | D:4      | Reached XP level 4. HP: 31/31 MP: 4/4
  2413 | D:4      | Found a basalt altar of Yredelemnul.
  2440 | D:4      | Reached skill level 4 in Long Blades
  2448 | D:4      | Gained mutation: You regenerate health from kills. [demonic ancestry]
  2448 | D:4      | Reached XP level 5. HP: 4/36 MP: 5/5
  2464 | D:4      | Found a staircase to the Ecumenical Temple.
  2464 | D:4      | XOM: 5-stop teleportation journey
  2466 | D:4      | Noticed Trogdor666's ghost (amateur OpAs)
  2472 | D:4      | Slain by a worker ant

Vault maps used:
D:1:      mrwooster_arrival_statue, serial_forest, infiniplex_forest_end_2,
          infiniplex_forest_straight_2, infiniplex_forest_clump_double,
          infiniplex_forest_fountain, st_stairs_8, minivault_19
D:2:      minmay_misc_feat_x, fedhas_altar_3
D:3:      overflow_temple_1_default, nicolae_overflow_crystal_walls,
          old_standard_altar, eat_drink_and_be_merry_uskayaw, first_bread
D:4:      overflow_temple_1_default, lemuel_crystal_altar,
          minmay_temple_entry_from_below_a, gup_sewer_entry_pipe,
          uniq_blork_the_orc

Skill      XL: |  1  2  3  4 |
---------------+-------------+-----
Armour         | 2 |  2.5
Dodging        | 1 |  1.8
Long Blades    | 3 4 |  4.2
Fighting       | |  3.6
Shields        | |  0.5

Action                   |  1- 3 |  4- 6 || total
-------------------------+-------+-------++-------
Melee: Falchion          |   119 |    18 ||   137
  Use: Potion            |     6 |     1 ||     7
       Scroll            |     5 |       ||     5
 Stab: Paralysed         |     3 |       ||     3
       Petrified         |    13 |       ||    13
       Petrifying        |     1 |       ||     1
  Eat: Bread ration      |     2 |       ||     2
Armor: Leather armour    |    51 |       ||    51
       Scale mail        |       |    16 ||    16
Dodge: Dodged            |    84 |     5 ||    89
Block: Shield            |    13 |    18 ||    31
       Rpst.: Falchion   |    24 |     2 ||    26
